 Dungeon Crawl Stone Soup version 0.18-a0-1354-gbc5753f (webtiles) character file.

301 gorblad the Cutter (level 6, 0/55 HPs)
             Began as a Deep Elf Chaos Knight on Feb 20, 2016.
             Slain by gorblad's ghost (2 damage)
             ... on level 4 of the Dungeon.
             The game lasted 00:08:38 (3831 turns).

gorblad the Cutter (Deep Elf Chaos Knight)          Turns: 3831, Time: 00:08:38

Health: 0/55       AC: 23    Str: 16    XL:     6   Next: 14%
Magic:  8/8        EV:  2    Int: 17    God:    Xom [.*....]
Gold:   62         SH:  4    Dex: 14    Spells: 0 memorised, 5 levels left

rFire  . . .     SeeInvis .     p - +0 short sword (venom)
rCold  . . .     Gourm    .     (armour currently unavailable)
rNeg   + + +     Faith    .     u - +0 buckler
rPois  +         Spirit   .     (helmet currently unavailable)
rElec  .         Dismiss  .     (cloak currently unavailable)
rCorr  .         Reflect  .     (gloves currently unavailable)
SustAt .         Harm     .     (boots currently unavailable)
MR     .....     NoTele   +     (no amulet)
Stlth  ++........               (no ring)
                                n - ring of flight

@: mighty, tree-form, not resistant to hostile enchantments, unstealthy
A: no striking features
a: Renounce Religion


You were on level 4 of the Dungeon.
You worshipped Xom.
You were a plaything of Xom.
You were not hungry.
You were a tree.
You visited 1 branch of the dungeon, and saw 4 of its levels.

You collected 62 gold pieces.

Inventory:

Hand Weapons
 a - a +0 short sword of chaos
 m - a +1 antimagic dagger
 o - a +0 dagger
 p - a +0 short sword of venom (weapon)
 q - a +2 dagger of electrocution
Armour
 b - a +2 leather armour
 d - a +0 pair of boots (melded)
 j - a +0 leather armour
 t - a +0 chain mail (melded)
 u - a +0 buckler (worn)
Jewellery
 n - a ring of flight (left branch)
Scrolls
 l - a scroll of blinking
Potions
 e - a potion of flight
 f - a potion of might
 h - a potion of heal wounds {unknown}
Comestibles
 c - 4 bread rations
 g - 2 meat rations
 i - 3 chunks of flesh
 k - a royal jelly


   Skills:
 + Level 3.3 Fighting
 + Level 3.9 Short Blades
 + Level 2.4 Armour
 + Level 3.8 Dodging
 + Level 1.8 Stealth
 * Level 1.6 Shields


You had 5 spell levels left.
You didn't know any spells.

Dungeon Overview and Level Annotations

Branches:
Dungeon (4/15)
 Temple: D:4-7

Altars:
Ashenzari
Kikubaaqudgha
Nemelex Xobeh
Sif Muna
Vehumet
Xom

Annotations:
D:4 gorblad's ghost, amateur TrIE


Message History

The kobold throws a stone.
The stone barely misses you.
You see here a stone.
Something hits you!
* * * LOW HITPOINT WARNING * * *
Something hits you but does no damage.
Drink which item? (? for menu, Esc to quit)
You turn into a tree.
Your +0 pair of boots melds into your body.
Your +0 chain mail melds into your body.
Your roots penetrate the ground.
Something hits you but does no damage.
Drink which item? (? for menu, Esc to quit)
You feel very mighty all of a sudden. Something hits you but does no damage.
You puncture something! You block something's attack.
You closely miss something. Something hits you!
* * * LOW HITPOINT WARNING * * *
Your shield prevents you from hitting something.
Something hits you.
You die...
Xom yawns loudly!

#....#....(.....# ###..#.
######..........##########.#.
#..........#............
#..........#........(.#.
#..........#..........#.
#....(.....#..........#.
#.(........#..........#.
#..........#.....K....#.
####.##♣####..........#.
##.##{# #..........#. #.....#
#..........# ####..#
#..........#
#..####..........#
#..K.......^.....#
#.#####..........# #.#
#..........# #.# #..........#


You could see a kobold.

Vanquished Creatures
  Blork the orc (D:4)
  An iguana (D:3)
  4 gnolls (D:3)
  5 adders
  2 giant geckos
  An orc (D:3)
  2 giant cockroaches
  8 goblins
  7 hobgoblins
  5 jackals
  11 kobolds
  6 bats
  A giant newt (D:2)
  8 rats
62 creatures vanquished.

Vanquished Creatures (collateral kills)
  An ogre (D:4)
1 creature vanquished.

Grand Total: 63 creatures vanquished

Notes
Turn   | Place    | Note
--------------------------------------------------------------
     0 | D:1      | gorblad the Deep Elf Chaos Knight began the quest for the Orb.
     0 | D:1      | Reached XP level 1. HP: 13/13 MP: 3/3
   197 | D:1      | Reached XP level 2. HP: 18/18 MP: 4/4
   622 | D:2      | Found an ancient bone altar of Kikubaaqudgha.
   624 | D:2      | Found a radiant altar of Vehumet.
   624 | D:2      | Found a deep blue altar of Sif Muna.
   629 | D:2      | Identified Kikubaaqudgha's Handbook of Evil Rites
   636 | D:2      | Identified Sif Muna's Volume of Companions
   645 | D:2      | Identified Vehumet's Handbook of Blows and Bruises
   685 | D:2      | Reached skill level 1 in Armour
  1173 | D:2      | Reached XP level 3. HP: 8/22 MP: 5/5
  1181 | D:2      | HP: 1/22 [hobgoblin (3)]
  1519 | D:2      | Found a sparkling altar of Nemelex Xobeh.
  1535 | D:2      | XOM is BORED!
  1535 | D:2      | XOM: harmless Divn miscast
  1657 | D:2      | Reached skill level 1 in Stealth
  1880 | D:2      | XOM: smoke on damage
  2118 | D:2      | XOM: harmless Summ miscast
  2225 | D:3      | XOM: harmless Summ miscast
  2228 | D:3      | XOM: potion effect (might)
  2230 | D:3      | Reached XP level 4. HP: 22/27 MP: 2/6
  2231 | D:3      | XOM: summons friendly quasit
  2235 | D:3      | XOM: smoke on damage
  2237 | D:3      | XOM: butterfly on damage
  2293 | D:3      | XOM: polymorph quasit -> white imp
  2550 | D:3      | XOM: colour smoke trail
  2626 | D:3      | XOM is BORED!
  2626 | D:3      | XOM: noise
  2747 | D:3      | XOM: scenery: create altars
  3125 | D:3      | XOM: harmless Divn miscast
  3151 | D:3      | XOM is BORED!
  3151 | D:3      | XOM: medium Hex miscast
  3218 | D:3      | Reached XP level 5. HP: 3/32 MP: 2/7
  3277 | D:3      | XOM: god gift: leather armour {god gift}
  3602 | D:3      | Reached skill level 1 in Shields
  3766 | D:4      | Noticed Blork the orc
  3767 | D:4      | Noticed an ogre
  3770 | D:4      | XOM: cast spell 'Statue Form'
  3775 | D:4      | Killed Blork the orc
  3777 | D:4      | XOM: cast spell 'Summon Mana Viper'
  3779 | D:4      | Killed an ogre
  3779 | D:4      | Reached XP level 6. HP: 37/37 MP: 8/8
  3780 | D:4      | Found a shattered altar of Ashenzari.
  3787 | D:4      | Noticed gorblad's ghost (amateur TrIE)
  3793 | D:4      | XOM: confuse monster(s)
  3803 | D:4      | XOM: enchant monster (bad)
  3830 | D:4      | HP: 2/55 [something (7)]
  3831 | D:4      | Slain by gorblad's ghost

Vault maps used:
D:1:      dpeg_arrival_rooms_b
D:2:      grunt_temple_overflow_magic_moments, marbit_many_paths
D:4:      evilmike_ruin_ashenzari, uniq_duvessa, uniq_blork_the_orc

Action                   |  1- 3 |  4- 6 || total
-------------------------+-------+-------++-------
Melee: Short sword       |    66 |    29 ||    95
       Dagger            |    92 |    92 ||   184
  Use: Scroll            |     6 |     4 ||    10
       Potion            |       |     7 ||     7
 Stab: Sleeping          |     3 |       ||     3
       Paralysed         |     1 |       ||     1
  Eat: Chunk             |     3 |     6 ||     9
